 Dungeon Crawl Stone Soup version 0.19-a0-607-g42021f0 (webtiles) character file.

232 epen the Sneak (level 5, -2/25 HPs)
             Began as a Spriggan Enchanter on June 12, 2016.
             Slain by George's ghost (12 damage)
             ... on level 4 of the Dungeon.
             The game lasted 00:04:42 (3370 turns).

epen the Sneak (Spriggan Enchanter)                 Turns: 3370, Time: 00:04:42

Health: -2/25      AC:  3    Str:  4    XL:     5   Next: 73%
Magic:  4/12       EV: 20    Int: 17    God:
Gold:   124        SH:  0    Dex: 17    Spells: 3 memorised, 6 levels left

rFire  . . .     SeeInvis +     a - +1 dagger
rCold  . . .     Gourm    .     b - +1 robe
rNeg   . . .     Faith    .     (shield restricted)
rPois  .         Spirit   .     (helmet restricted)
rElec  .         Dismiss  .     (no cloak)
rCorr  .         Reflect  .     (gloves unavailable)
SustAt .         Harm     .     (boots unavailable)
MR     +....                    (no amulet)
Stlth  +++.......               (no ring)
                                r - ring of protection from magic

@: very quick, somewhat resistant to hostile enchantments, fairly stealthy
A: unfitting armour, see invisible, herbivore 3, speed 3, slow metabolism 2
a: no special abilities


You were on level 4 of the Dungeon.
You were near starving.

You visited 1 branch of the dungeon, and saw 4 of its levels.

You collected 124 gold pieces.

Inventory:

Hand Weapons
 a - a +1 dagger (weapon)
Armour
 b - a +1 robe (worn)
Jewellery
 r - a ring of protection from magic (left hand)
 v - a +4 amulet of reflection {unknown}
Scrolls
 j - 2 scrolls of identify {unknown}
 k - 3 scrolls of amnesia {unknown}
 l - a scroll of remove curse {unknown}
 m - 2 scrolls of enchant weapon {unknown}
 n - a scroll of fog {unknown}
 p - a scroll of magic mapping {unknown}
 s - a scroll of immolation {unknown}
 w - a scroll of teleportation {unknown}
Potions
 e - a potion of mutation {unknown}
 f - a potion of magic {unknown}
 g - 2 potions of haste {unknown}
 h - a potion of might {unknown}
 i - a potion of degeneration {unknown}
 o - a potion of lignification {unknown}
 q - a potion of agility {unknown}
 t - a potion of ambrosia {unknown}
 u - a potion of cure mutation {unknown}
Books
 c - a book of Maledictions

   Spells                             Type                      Level
   a - Corona                         Hexes                        1
   b - Ensorcelled Hibernation        Hexes/Ice                    2
   c - Confuse                        Hexes                        3
   d - Tukima's Dance                 Hexes                        3
   e - Dazzling Spray                 Conjuration/Hexes            3
Comestibles
 d - 3 bread rations


   Skills:
 + Level 1.2 Fighting
 + Level 2.5 Short Blades
 + Level 4.4 Dodging
 + Level 5.2 Stealth
 + Level 4.0 Spellcasting
 * Level 5.1 Hexes


You had 6 spell levels left.
You knew the following spells:

 Your Spells              Type           Power        Failure   Level  Hunger
a - Corona                Hex            ###....      1%          1    None
b - Ensorcelled Hibernat  Hex/Ice        ##....       10%         2    ##.....
c - Confuse               Hex            ###.....     8%          3    ###....


Dungeon Overview and Level Annotations

Branches:
Dungeon (4/15)
 Temple: D:4-7

Altars:
Ashenzari
Qazlal
Uskayaw
Vehumet

Annotations:
D:4 George's ghost, amateur DsGl


Innate Abilities, Weirdness & Mutations

You are tiny and cannot use many weapons and most armour.
You have supernaturally acute eyesight. (SInv)
You are a herbivore.
You cover ground extremely quickly.
You need consume almost no food.


Message History

You hit the giant cockroach.
The giant cockroach is almost dead.
The giant cockroach bites you.
You hit the giant cockroach.
You kill the giant cockroach!
George's ghost misses you.
You hit George's ghost but do no damage.
Found 8 gold pieces.
You hit George's ghost but do no damage.
You barely miss George's ghost. George's ghost closely misses you.
You hit George's ghost but do no damage.
George's ghost hits you!
Ouch! That really hurt!
You strike the helpless George's ghost from behind!
You puncture George's ghost!
George's ghost is moderately damaged.
You hit George's ghost but do no damage.
George's ghost is moderately damaged.
George's ghost hits you!
You die...

#...###.#
#.....#.#
#.....#.#
#.......#
######....#
#..+_#...#
#.####...#
#.#....@W#
#<#.....##
#####.#.....#
#.....#.....#
#.###.#.#.#.#
#.....#.#
###.###$#
#...##.#
#...#


You could see George's ghost (confused).

Vanquished Creatures
  An ogre (D:3)
  Jessica (D:2)
  4 adders
  An ooze (D:3)
  4 giant geckos
  An orc (D:3)
  6 giant cockroaches
  6 goblins
  6 hobgoblins
  2 jackals (D:3)
  8 kobolds
  2 quokkas
  2 ball pythons
  9 bats
  5 giant newts
  13 rats
71 creatures vanquished.

Notes
Turn   | Place    | Note
--------------------------------------------------------------
     0 | D:1      | epen the Spriggan Enchanter began the quest for the Orb.
     0 | D:1      | Reached XP level 1. HP: 9/9 MP: 5/5
   322 | D:1      | Reached XP level 2. HP: 12/13 MP: 4/6
   969 | D:1      | Learned a level 2 spell: Ensorcelled Hibernation
  1118 | D:1      | Reached XP level 3. HP: 16/16 MP: 3/8
  1698 | D:2      | Found a stormy altar of Qazlal.
  2123 | D:2      | Noticed Jessica
  2130 | D:2      | Killed Jessica
  2130 | D:2      | Reached XP level 4. HP: 21/21 MP: 10/10
  2737 | D:3      | Found a radiant altar of Vehumet.
  2776 | D:3      | Reached skill level 1 in Fighting
  2871 | D:3      | Noticed an ogre
  2894 | D:3      | Learned a level 3 spell: Confuse
  2911 | D:3      | Killed an ogre
  2911 | D:3      | Reached skill level 5 in Stealth
  2911 | D:3      | Reached skill level 5 in Hexes
  2911 | D:3      | Reached XP level 5. HP: 25/25 MP: 5/12
  3084 | D:3      | You fall through a shaft!
  3106 | D:4      | Found a hide-covered altar of Uskayaw.
  3350 | D:4      | Found a shattered altar of Ashenzari.
  3353 | D:4      | Noticed George's ghost (amateur DsGl)
  3370 | D:4      | Slain by George's ghost

Vault maps used:
D:1:      dpeg_chamrin_arrival_tetris, minmay_misc_feat_room, minmay_bisected
D:2:      overflow_temple_1_default, first_bread, minivault_26, uniq_jessica
D:3:      vehumet_crystals
D:4:      ashenzari_conservatory_becter, overflow_temple_1_default,
          led_xom_imps, minmay_temple_entry_junction2, grunt_ministairs_9,
          eino_tiny_chamber

Skill      XL: |  1  2  3  4 |
---------------+-------------+-----
Spellcasting   | 3 4 |  4.0
Hexes          | 4 5 |  5.1
Short Blades   | 2 |  2.5
Dodging        | 4 |  4.4
Fighting       | 1 |  1.2
Stealth        | 5 |  5.2

Action                   |  1- 3 |  4- 6 || total
-------------------------+-------+-------++-------
Melee: Dagger            |   115 |   104 ||   219
 Cast: Corona            |    11 |       ||    11
       Ensorcelled Hiber |    17 |     8 ||    25
       Confuse           |       |     6 ||     6
 Stab: Sleeping          |    27 |    14 ||    41
       Confused          |       |     2 ||     2
Armor: Robe              |    10 |    10 ||    20
Dodge: Dodged            |    78 |    61 ||   139
